 Dungeon Crawl Stone Soup version 0.29-a0-330-g52719c12eb (webtiles) character file.

Game seed: 8381011874872124165

168 kipponium the Bolt Thrower (level 5, 0/38 HPs)
             Began as a Formicid Hunter on Apr 12, 2022.
             Succumbed to a goblin's poison
             ... on level 4 of the Dungeon.
             The game lasted 00:05:11 (2427 turns).

kipponium the Bolt Thrower (Formicid Hunter)        Turns: 2427, Time: 00:05:12

Health: 0/38       AC:  3    Str: 16    XL:     5   Next: 78%
Magic:  5/5        EV: 12    Int:  8    God:
Gold:   100        SH:  0    Dex: 16    Spells: 4/4 levels left

rFire   . . .      SeeInvis +   a - +1 hand crossbow
rCold   . . .      Faith    .   (no shield)
rNeg    . . .      Spirit   .   b - +0 leather armour
rPois   .          Reflect  .   (helmet unavailable)
rElec   .          Harm     .   (no cloak)
rCorr   .          Rampage  .   (no gloves)
Will    .....                   (no boots)
Stlth   ++........              (no amulet)
HPRegen 0.12/turn               (no ring)
MPRegen 0.09/turn               (no ring)

@: lethally poisoned (0 -> -17)
A: permanent stasis, dig shafts and tunnels, antennae 3, four strong arms
a: Dig, Shaft Self


You were on level 4 of the Dungeon.
You visited 1 branch of the dungeon, and saw 4 of its levels.

You collected 100 gold pieces.

Inventory:

Hand Weapons
 a - a +1 hand crossbow (weapon)
Armour
 b - a +0 leather armour (worn)
 o - +0 fire dragon scales
Jewellery
 g - a ring of ice
 i - a ring of willpower
Scrolls
 c - a scroll of immolation
 d - 3 scrolls of magic mapping {unknown}
 f - a scroll of silence {unknown}
 h - 2 scrolls of teleportation {unknown}
 j - 3 scrolls of identify {unknown}
 n - a scroll of torment {unknown}
 p - a scroll of acquirement {unknown}
 q - a scroll of enchant weapon {unknown}
 r - a scroll of enchant armour {unknown}
Potions
 e - 2 potions of cancellation {unknown}
 k - 2 potions of brilliance {unknown}
 l - a potion of heal wounds {unknown}
 m - 3 potions of curing {unknown}


   Skills:
 - Level 2.1 Fighting
 * Level 6.6 Crossbows
 - Level 1.7 Dodging
 - Level 1.2 Stealth


You had 4 spell levels left.
You didn't know any spells.
Your spell library contained the following spells:

 Spells                   Type           Power      Damage    Failure   Level
 Magic Dart               Conj           0%         1d3       47%         1
 Sting                    Tmut/Pois      0%         1d3       47%         1
 Call Imp                 Summ           0%         N/A       63%         2
 Poisonous Vapours        Pois/Air       0%         N/A       63%         2
 Mephitic Cloud           Conj/Pois/Air  0%         N/A       85%         3
 Ozocubu's Armour         Ice            0%         N/A       85%         3
 Olgreb's Toxic Radiance  Pois           0%         N/A       99%         4
 Borgnjor's Vile Clutch   Necr/Erth      0%         N/A       100%        5
 Ozocubu's Refrigeration  Ice            0%         4d5       100%        7
 Spellforged Servitor     Conj/Summ      0%         N/A       100%        7


Dungeon Overview and Level Annotations

Branches:
Dungeon (4/15)
 Temple: D:4-7

Altars:


Innate Abilities, Weirdness & Mutations

You cannot be hasted, slowed, berserked, paralysed or teleported.
You can dig through walls and to a lower floor.
You have a pair of large antennae on your head. (SInv)
Your four strong arms can wield two-handed weapons with a shield.


Message History

You shoot a bolt. The bolt closely misses the orc.
An orc comes into view. It is wielding a +0 whip.
You shoot a bolt. The bolt hits the orc.
The orc is severely wounded.
An orc comes into view. It is wielding a +0 club.
You shoot a bolt. The bolt closely misses the orc.
The orc shouts!
The orc wizard casts a spell at you. The puff of flame hits you!
A kobold comes into view. It is wielding a +0 dagger.
The orc hits you but does no damage.
You shoot a bolt. The bolt hits the orc!
You kill the orc!
You shoot a bolt. The bolt barely misses the orc wizard.
The bolt hits the orc!
You kill the orc!
The orc wizard hits you but does no damage.
The orc wizard attacks as you move away!
The orc wizard closely misses you. The goblin attacks as you move away!
The goblin hits you with a +1 dagger of venom.
You are poisoned.
You feel very sick.
The orc wizard attacks as you move away!
The orc wizard hits you but does no damage.
The goblin attacks as you move away!
The goblin hits you with a +1 dagger of venom.
You are more poisoned.
You feel very sick.
You feel very sick.
The orc wizard attacks as you move away!
The orc wizard hits you but does no damage.
The goblin attacks as you move away! The goblin barely misses you.
* * * LOW HITPOINT WARNING * * *
You feel very sick. The goblin attacks as you move away!
The goblin hits you with a +1 dagger of venom.
* * * LOW HITPOINT WARNING * * *
You are more poisoned.
* * * LOW HITPOINT WARNING * * *
You feel very sick.
The orc wizard attacks as you move away!
The orc wizard closely misses you.
You die...

##.#
#...............!......
##.#
#.###..................
##.###.#
#..>........)......
##.....#
##.##..##..K..##...
######.#
..##....o........ #.#
####.#.......##<.. #.#
.#....go.##...## #. ...
................. ...
.......@.........
...........<..........
.......................
.................
............$...
...............)
................
................
<.##........##.


You could see an orc wizard, an orc, a goblin and a kobold.

Vanquished Creatures
  An orc priest (D:3)
  6 adders
  4 worms
  6 orcs
  6 endoplasms
  3 giant cockroaches
  8 hobgoblins
  8 jackals
  3 quokkas
  3 ball pythons
  5 bats
  2 frilled lizards (D:1)
  3 goblins
  6 kobolds
  5 rats
69 creatures vanquished.

Notes
Turn   | Place    | Note
-------+----------+-------------------------------------------
     0 | D:1      | kipponium the Formicid Hunter began the quest for the Orb.
     0 | D:1      | Reached XP level 1. HP: 16/16 MP: 1/1
   176 | D:1      | Reached XP level 2. HP: 22/22 MP: 2/2
   177 | D:1      | Found a faded altar of an unknown god.
   640 | D:1      | Reached XP level 3. HP: 27/27 MP: 3/3
   844 | D:2      | Reached skill level 5 in Crossbows
   868 | D:2      | You fall into a shaft and drop 2 floors!
  1048 | D:3      | Reached XP level 4. HP: 12/33 MP: 4/4
  1473 | D:2      | Reached skill level 6 in Crossbows
  1473 | D:2      | Reached XP level 5. HP: 32/38 MP: 5/5
  2097 | D:3      | Noticed a black bear
  2412 | D:4      | Got Wibbukur's Almanac of Earth and Summoning
  2427 | D:4      | Succumbed to a goblin's poison

Illustrated notes

Levels and vault maps discovered:
D:1:      amcnicky_arrival_abandoned_market, layout_basic,
          shapermc_ecumenical_altar_flowoftime, dreamdust_princess_bridge
D:2:      layout_rooms
D:3:      layout_basic, tso_altar, minmay_splitting_lines
D:4:      layout_rooms, minmay_curled_crystal

Skill      XL: |  1  2  3  4 |
---------------+-------------+-----
Crossbows      | 5 6 |  6.6
Fighting       | |  2.1
Dodging        | |  1.7
Stealth        | |  1.2

Action                   |  1- 3 |  4- 6 || total
-------------------------+-------+-------++-------
 Fire: Hand crossbow     |    81 |   110 ||   191
 Abil: Dig               |     2 |       ||     2
Armor: Leather armour    |     2 |    22 ||    24
Dodge: Dodged            |    10 |    62 ||    72

Table legend: (Time is in decaauts)
 A = Elapsed time spent in this place.
 B = Non-inter-level travel time spent in this place.
 C = Inter-level travel time spent in this place.
 D = Time resting spent in this place.
 E = Time spent auto-exploring this place.
 F = Levels seen in this place.
 G = Mean time per level.
                   A        B        C        D        E       F      G
               +--------+--------+--------+--------+--------+-----+--------+
         Total |   2480 |   2369 |    111 |    501 |   1404 |   4 |  620.0 |
       Dungeon |   2480 |   2369 |    111 |    501 |   1404 |   4 |  620.0 |
               +--------+--------+--------+--------+--------+-----+--------+

Top non-repeatable levels by time:
     D:2: 834 daAuts
     D:1: 790 daAuts
     D:3: 679 daAuts
     D:4: 176 daAuts
